 Dungeon Crawl Stone Soup version 0.30-a0-1018-g25214051b3 (webtiles) character file.

Game seed: 12682455218193553708

66374 Arcadio the Unseen (level 14, -17/92 HPs)
             Began as a Vampire Brigand on Apr 6, 2023.
             Was a High Priest of Dithmenos.
             Killed from afar by a hell hog (illusionary) (29 damage)
             ... with a fireball
             ... on level 2 of the Abyss on Apr 7, 2023.
             The game lasted 03:31:46 (27647 turns).

Arcadio the Unseen (Vampire Brigand)               Turns: 27647, Time: 03:31:46

Health: -17/92     AC:  0    Str:  8 (10) XL:     14   Next: 79%
Magic:  12/14      EV: 36    Int: 11 (13) God:    Dithmenos [*****.]
Gold:   1329       SH:  0    Dex: 24 (26) Spells: 1/13 levels left

rFire   . . .      SeeInvis +    b - melded +6 scimitar of Charity {venom, rElec Dex+3}
rCold   + + .      Faith    +    (shield currently unavailable)
rNeg    + + +      Spirit   .    N - melded +0 steam dragon scales
rPois   ∞          Reflect  .    L - melded +2 hat
rElec   .          Rampage  .    c - melded +0 cloak
rCorr   .                        m - melded +1 pair of gloves
Will    +....                    t - melded +0 pair of boots Stlth *******+++
                                 A - amulet of faith
HPRegen 0.00/turn                q - melded +4 ring of protection
MPRegen 0.14/turn                v - melded +5 ring of evasion

@: bat-form, flying, bloodless, inhibited regen, wreathed by umbra, very quick
A: fast, flying, no casting, tiny, bloodless, fangs 3, see invisible, vampiric 2
a: Revivify, End Transformation, Renounce Religion, Shadow Step, Shadow Form


You were on level 2 of the Abyss.
You worshipped Dithmenos.
Dithmenos was extremely pleased with you.
You were a vampire bat.
You visited 7 branches of the dungeon, and saw 25 of its levels.
You visited the Abyss 1 time.
You also visited: Bailey.

You collected 1715 gold pieces.
You spent 386 gold pieces at shops.

Inventory:

Hand Weapons
 a - a +6 dagger of draining
 b - the +6 scimitar of Charity (melded) {venom, rElec Dex+3}
   (You bought it in a shop on level 2 of the Orcish Mines)

   Dex:       It affects your dexterity (+3).
   rElec:     It insulates you from electricity.
 w - a +2 trident of flaming
 D - a +4 quarterstaff of chaos
 H - a +0 dagger of pain
 O - a +2 dagger of distortion
 P - a +0 rapier
Missiles
 d - 25 poisoned darts (quivered)
 e - 8 curare-tipped darts
 l - 4 atropa-tipped darts
 F - 5 datura-tipped darts
 K - 2 throwing nets
Armour
 c - a +0 cloak (melded)
 m - a +1 pair of gloves (melded)
 t - a +0 pair of boots (melded)
 u - a +2 robe of cold resistance
 I - a +2 robe of fire resistance
 L - a +2 hat (melded)
 N - +0 steam dragon scales (melded)
Jewellery
 f - a ring of fire
 q - a +4 ring of protection (melded)
 v - a +5 ring of evasion (melded)
 A - an amulet of faith (around neck)
 R - an amulet of magic regeneration
Wands
 n - a wand of charming (4)
 o - a wand of iceblast (10)
 E - a wand of acid (18)
Scrolls
 g - 2 scrolls of vulnerability
 h - 6 scrolls of immolation
 i - 2 scrolls of amnesia
 j - 4 scrolls of enchant armour
 k - a scroll of identify
 p - 4 scrolls of teleportation
 s - 2 scrolls of poison
 y - a scroll of magic mapping
 G - 2 scrolls of brand weapon
Potions
 r - 5 potions of curing
 x - 3 potions of attraction
 z - 2 potions of lignification
 B - a potion of brilliance
 J - 5 potions of flight
 Q - 2 potions of might


   Skills:
 + Level 12.4 Fighting
 - Level 13.8(14.2) Short Blades
 + Level 4.4(9.4) Long Blades
 - Level 1.5 Throwing
 + Level 13.8 Dodging
 + Level 20.5 Stealth
 + Level 7.3 Hexes


You had one spell level left.
You knew the following spells:

 Your Spells              Type           Power      Damage    Failure   Level
a - Tukima's Dance        Hex            16%        N/A       5%          3
b - Fulminant Prism       Conj/Hex       4%         3d5       61%         4
c - Yara's Violent Unrav  Hex/Tmut       4%         3d4       91%         5

Your spell library contained the following spells:

 Spells                   Type           Power      Damage    Failure   Level
 Magic Dart               Conj           0%         1d3       34%         1
 Necrotise                Necr           0%         1d4       34%         1
 Cause Fear               Hex            8%         N/A       17%         4
 Searing Ray              Conj           0%         2d4       47%         2
 Anguish                  Hex/Necr       4%         N/A       61%         4
 Vampiric Draining        Necr           0%         2d6       71%         3
 Passage of Golubria      Tloc           0%         N/A       98%         4
 Agony                    Necr           0%         N/A       100%        5
 Enfeeble                 Hex            8%         N/A       100%        7


Dungeon Overview and Level Annotations

Branches:
Dungeon (14/15) Zot: 25917  Temple (1/1) D:6 Zot: 5786    Lair (5/5) D:10 Zot: 22272
  Swamp (1/4) Lair:3 Zot: 5927  Spider (1/4) Lair:2 Zot: 5660   Slime (0/5) Lair:5
    Orc (2/2) D:10 Zot: 9034     Elf (1/3) Orc:2 Zot: 5998  Bailey (visited)
 Vaults: D:13-14

Altars:
Ashenzari
Cheibriados
Dithmenos
Fedhas
Gozag
Hepliaklqana
Kikubaaqudgha
Makhleb
Nemelex Xobeh
Okawaru
Qazlal
Ru
Sif Muna
Trog
Uskayaw
Vehumet
Wu Jian
Xom
Yredelemnul

Shops:
D:3 [   D:9 =(   D:10 [   Orc:1 [   Orc:2 =*[(

Annotations:
D:6 Dowan, Duvessa
D:7 1 runed translucent door, Maggie; bmj180's ghost, novice GrEE
D:14 Azrael
Lair:2 exclusion: boulder beetle
Spider:1 Louise


Innate Abilities, Weirdness & Mutations

You are a vampire bat.
You are tiny and dextrous.
You move quickly.
You are flying.
You are immune to poison.
Your equipment is almost entirely melded.
You are incapable of wielding weapons or throwing items.
You cannot cast spells.
You do not regenerate when monsters are visible.
You are frail without blood (-20% HP).
You can heal yourself when you bite living creatures.
You are immune to poison.
You have razor-sharp teeth.
You have supernaturally acute eyesight. (SInv)
You are afflicted with vampirism and can become a bat while bloodless.


Message History

Your shadow hits the hell hog with a scimitar.
You hear a bark!
The hell hog breathes fire at you.
The fireball explodes!
The fireball engulfs you!!
The fireball engulfs the hell hog.
The hell hog completely resists.
The hell hog closely misses you. The hell hog breathes fire at you.
The fireball explodes!
The fireball engulfs you!!
* * * LOW HITPOINT WARNING * * *
The fireball engulfs the hell hog.
The hell hog completely resists.
The rakshasa weaves an illusion.
The hell hog shimmers and seems to become two!
You hear a roar!
You hear an angry hiss.
Okay, then.
Press: ? - help, . - travel You can't see that place. [the floor.]
Okay, then.
Okay, then.
Aiming: Charm
Press: ? - help, Shift-Dir - straight line, f - hell hog
Aim: a hell hog (moderately wounded, extremely poisoned, catching its breath, umbra, chance to affect: 31%)
Okay, then.
You turn into a vampire bat.
The +6 scimitar of Charity {venom, rElec Dex+3} melds into your body.
Your +0 cloak melds into your body.
Your +2 hat melds into your body.
Your +1 pair of gloves melds into your body.
Your +0 pair of boots melds into your body.
Your +0 steam dragon scales melds into your body.
Your +4 ring of protection melds into your body.
Your +5 ring of evasion melds into your body.
The +6 scimitar of Charity {venom, rElec Dex+3} stops dripping with poison.
You feel weakened.
You feel dopey.
You feel clumsy. The hell hog closely misses you.
The hell hog breathes fire at you.
The fireball explodes!
The fireball engulfs the hell hog.
The hell hog completely resists.
The fireball engulfs the hell hog.
The hell hog completely resists.
The fireball engulfs the hell hog.
The hell hog completely resists.
The fireball engulfs you!!
You die...

# #. #.. ..
.####.##### #
#......b..#.#
####.#hh#..R#
h..h.......#
...#h.#####.#
#.#...# .# #
#..# # ...#
..#


You could see a rakshasa and 4 hell hogs.

Vanquished Creatures
  Jorgrun (D:12)
  A ghost moth (Spider:1)
  A bunyip (Swamp:1)
  Snorg (Lair:3)
  A two-headed ogre (D:11)
  3 death yaks
  2 boulder beetles
  3 orc high priests (Orc:2)
  A spriggan (Swamp:1)
  Sonja (D:12)
  Nergalle (D:12)
  2 skysharks
  A shadow demon (Abyss:2)
  2 sea snakes
  A swamp dragon (Swamp:1)
  2 orc knights (Orc:2)
  A deep elf pyromancer (D:12)
  6 cyclopes
  An oklob plant (Lair:3)
  2 ugly things
  3 wolf spiders (Spider:1)
  4 manticores
  7 elephants
  9 orc sorcerers
  2 black mambas (Lair:2)
  A gargoyle (D:12)
  10 cane toads
  2 unseen horrors
  6 rime drakes
  2 kobold demonologists
  8 komodo dragons
  7 trolls
  A merfolk (D:11)
  4 hornets
  2 meliai (D:13)
  A wind drake (Lair:4)
  4 polar bears
  Prince Ribbit (D:9)
  A tarantella (Spider:1)
  17 blink frogs
  4 dream sheep (Lair:4)
  A snapping turtle (Lair:5)
  9 jumping spiders
  2 culicivoras (Lair:2)
  3 wyverns (Lair:4)
  A wraith (D:9)
  3 basilisks
  37 yaks
  A fire elemental (D:14)
  15 vampire mosquitoes
  8 redbacks
  4 steam dragons
  8 wargs
  A hell hound (D:14)
  14 water moccasins
  A swamp drake (Lair:4)
  2 sky beasts (D:7)
  A black bear (Lair:4)
  33 orc warriors
  2 ogres (Orc:1)
  5 centaurs
  31 wolves
  4 kobold brigands
  3 phantoms
  5 bullfrogs
  2 scorpions
  A wight (D:7)
  6 killer bees (D:10)
  2 electric eels (Lair:4)
  A howler monkey (D:4)
  Crazy Yiuf (D:7)
  6 orc priests
  4 hounds
  A jelly (D:6)
  Jessica (D:3)
  A sleepcap (D:7)
  5 iguanas
  12 orc wizards
  16 gnolls
  8 adders
  2 white imps
  2 ufetubi
  2 worms (D:2)
  2 dart slugs
  57 orcs
  13 ball pythons
  3 bats
  11 endoplasms
  6 giant cockroaches
  16 goblins
  13 hobgoblins
  13 jackals
  4 quokkas
  4 frilled lizards
  10 kobolds
  7 rats
556 creatures vanquished.

Vanquished Creatures (others)
  A spriggan druid (Swamp:1)
  A bloated husk (Swamp:1)
  A centaur (D:14)
  A demonic plant (D:3)
  58 fungi
  70 plants
132 creatures vanquished.

Grand Total: 688 creatures vanquished

Notes
Turn   | Place    | Note
-------+----------+-------------------------------------------
     0 | D:1      | Arcadio the Vampire Brigand began the quest for the Orb.
     0 | D:1      | Reached XP level 1. HP: 16/16 MP: 1/1
   130 | D:1      | Reached skill level 6 in Stealth
   165 | D:1      | Reached XP level 2. HP: 22/22 MP: 2/2
   871 | D:2      | Gained mutation: You are afflicted with vampirism and can
                  | become a bat while bloodless. [Vampire growth]
   871 | D:2      | Reached XP level 3. HP: 28/28 MP: 3/3
  1228 | D:2      | Reached XP level 4. HP: 17/34 MP: 4/4
  1337 | D:2      | Reached skill level 7 in Stealth
  1369 | D:2      | Found a shimmering blue altar of Sif Muna.
  1883 | D:2      | Identified the +0 dagger of Vanity {spect, Will+ Int-2
                  | Dex+3}
  2146 | D:3      | Found Sism's Armour Shop.
  2155 | D:3      | Noticed Jessica
  2162 | D:3      | Killed Jessica
  2163 | D:3      | Reached XP level 5. HP: 32/32 MP: 5/5
  2168 | D:3      | Found a shadowy altar of Dithmenos.
  2181 | D:3      | Became a worshipper of Dithmenos the Shadowed
  2590 | D:3      | Found a faded altar of an unknown god.
  2590 | D:3      | Noticed a sixfirhy
  2839 | D:4      | Reached * piety under Dithmenos
  2889 | D:4      | Reached skill level 8 in Stealth
  2911 | D:4      | Reached XP level 6. HP: 34/37 MP: 6/6
  3324 | D:5      | Entered Level 5 of the Dungeon
  3652 | D:5      | Found a hide-covered altar of Uskayaw.
  3661 | D:5      | Found a radiant altar of Vehumet.
  3668 | D:5      | Found an opulent altar of Gozag.
  3830 | D:5      | Reached skill level 5 in Short Blades
  3830 | D:5      | Reached XP level 7. HP: 40/43 MP: 7/7
  3920 | D:5      | Reached ** piety under Dithmenos
  4264 | D:6      | Reached skill level 9 in Stealth
  4905 | D:6      | Found a staircase to the Ecumenical Temple.
  4926 | Temple   | Entered the Ecumenical Temple
  5396 | D:6      | Found a broken altar of Ashenzari.
  5434 | D:6      | Reached XP level 8. HP: 21/48 MP: 8/8
  5556 | D:6      | Reached skill level 5 in Fighting
  5556 | D:6      | Reached skill level 10 in Stealth
  5917 | D:6      | Found a stormy altar of Qazlal.
  5917 | D:6      | Noticed Duvessa
  6003 | D:6      | Noticed Dowan
  6821 | D:7      | Noticed Maggie
  6984 | D:8      | Found a flagged portal.
  6998 | Bailey   | Entered a bailey
  7097 | Bailey   | Reached *** piety under Dithmenos
  7313 | Bailey   | Reached skill level 11 in Stealth
  7355 | Bailey   | Reached skill level 5 in Dodging
  7583 | Bailey   | Reached XP level 9. HP: 62/69 MP: 9/9
  7672 | Bailey   | Noticed an orc warlord
  8190 | D:7      | Reached skill level 12 in Stealth
  8201 | D:7      | Found a runed translucent door.
  8202 | D:7      | Noticed bmj180's ghost (novice GrEE)
  8421 | D:7      | Found a basalt altar of Yredelemnul.
  8452 | D:7      | Found a runed translucent door.
  8453 | D:7      | Noticed Crazy Yiuf
  8463 | D:7      | Killed Crazy Yiuf
  9461 | D:8      | Found an ornate altar of the Wu Jian Council.
  9804 | D:9      | Noticed Prince Ribbit
  9866 | D:9      | Reached XP level 10. HP: 71/79 MP: 10/10
  9907 | D:9      | Reached skill level 13 in Stealth
 10654 | D:9      | Found Zeimpi's Antique Weapon Shoppe.
 10714 | D:9      | Found Eczua's Jewellery Shop.
 10751 | D:9      | Killed Prince Ribbit
 11270 | D:10     | Entered Level 10 of the Dungeon
 11298 | D:10     | Found Gonan's Armour Emporium.
 11301 | D:10     | Found a staircase to the Orcish Mines.
 11502 | D:10     | Reached **** piety under Dithmenos
 11592 | D:10     | Found a staircase to the Lair.
 11687 | D:10     | Reached skill level 14 in Stealth
 12138 | Orc:1    | Entered Level 1 of the Orcish Mines
 12138 | Orc:1    | Noticed an orc sorcerer
 12187 | Lair:1   | Entered Level 1 of the Lair of Beasts
 12283 | D:10     | Reached XP level 11. HP: 69/77 MP: 11/11
 12371 | D:10     | Reached skill level 10 in Short Blades
 12494 | Lair:1   | Reached ***** piety under Dithmenos
 12670 | Lair:1   | Reached skill level 15 in Stealth
 13504 | Lair:2   | Noticed a boulder beetle
 13584 | Lair:2   | Found a hole to the Spider Nest.
 13785 | Lair:2   | Reached skill level 16 in Stealth
 14155 | Lair:1   | Reached skill level 10 in Dodging
 14403 | Lair:2   | Reached XP level 12. HP: 70/76 MP: 12/12
 14926 | Lair:3   | Noticed Snorg
 14952 | Lair:3   | Identified the +4 ring mail of the Unbroken {rElec}
 15090 | Lair:3   | Found a staircase to the Swamp.
 15861 | Lair:4   | Reached skill level 10 in Fighting
 15895 | Lair:4   | Reached skill level 17 in Stealth
 16687 | Lair:5   | Entered Level 5 of the Lair of Beasts
 16718 | Lair:5   | Noticed a four-headed hydra
 16765 | Lair:5   | Noticed an eight-headed hydra
 16772 | Lair:5   | Found a gate leading to a gauntlet.
 16914 | Lair:5   | Noticed a death yak
 16914 | Lair:5   | Noticed a death yak
 16914 | Lair:5   | Noticed a death yak
 16951 | Lair:3   | Upgraded the game from 0.30-a0-1016-gfb0d676c02 to
                  | 0.30-a0-1018-g25214051b3
 17937 | Orc:2    | Entered Level 2 of the Orcish Mines
 17945 | Orc:2    | Found Keorip's General Store.
 18243 | Orc:2    | Bought a scroll of teleportation for 30 gold pieces
 18255 | Orc:2    | Found a staircase to the Elven Halls.
 18262 | Elf:1    | Entered Level 1 of the Elven Halls
 18279 | Orc:2    | Noticed an orc warlord
 18322 | Orc:2    | Found Nuesuut's Antique Armour Boutique.
 18354 | Orc:2    | Reached skill level 18 in Stealth
 18354 | Orc:2    | Reached XP level 13. HP: 83/83 MP: 13/13
 18589 | Orc:2    | Found Zetwa's Antique Weapon Boutique.
 18910 | Orc:2    | Paralysed by an orc sorcerer for 5 turns
 19120 | Orc:1    | Found Jioschy's Antique Armour Shoppe.
 19480 | Orc:2    | Found Juraalo's Jewellery Shop.
 20682 | D:11     | Noticed Sonja
 21034 | D:12     | Noticed Nergalle
 21039 | D:12     | Killed Nergalle
 21044 | D:12     | Reached skill level 19 in Stealth
 21047 | D:12     | Killed Sonja
 21047 | D:12     | Reached ****** piety under Dithmenos
 21238 | D:12     | Found a blossoming altar of Fedhas.
 21505 | D:12     | HP: 2/84 [gargoyle/stone arrow (14)]
 22098 | D:12     | Reached skill level 1 in Hexes
 22162 | D:12     | Noticed Jorgrun
 22164 | D:12     | Killed Jorgrun
 22411 | D:13     | You fall into a shaft and drop 1 floor!
 22437 | D:14     | Reached XP level 14. HP: 91/91 MP: 14/14
 22441 | D:14     | Learned a level 3 spell: Tukima's Dance
 22446 | D:14     | Learned a level 4 spell: Fulminant Prism
 22452 | D:14     | Learned a level 5 spell: Yara's Violent Unravelling
 22472 | D:14     | Noticed Azrael
 22511 | D:14     | HP: 2/91 [Azrael/+3 scimitar of flaming (4)]
 23071 | Orc:2    | Bought a fine scimitar for 279 gold pieces
 23071 | Orc:2    | Identified the +6 scimitar of Charity {venom, rElec Dex+3}
                  | (You bought it in a shop on level 2 of the Orcish Mines)
 23089 | Orc:2    | Bought a runed robe for 77 gold pieces
 23895 | Lair:3   | Killed Snorg
 23896 | Lair:3   | Reached skill level 1 in Long Blades
 24592 | Lair:5   | Reached skill level 5 in Hexes
 24607 | Lair:5   | Reached skill level 20 in Stealth
 26535 | Spider:1 | Entered Level 1 of the Spider Nest
 26585 | Spider:1 | Noticed Louise
 26775 | Swamp:1  | Entered Level 1 of the Swamp
 27422 | Spider:1 | Noticed a ghost moth
 27426 | Spider:1 | Killed a ghost moth
 27553 | Abyss:2  | Cast into level 2 of the Abyss (Louise)
 27647 | Abyss:2  | Killed from afar by a hell hog (illusionary)

Illustrated notes

Levels and vault maps discovered:
D:1:      minmay_arrival_widening_spiral_wide, layout_loops_corners
D:2:      layout_loops_corners, basic_altar, minmay_crystal_water,
          minmay_randomly_rotated_circles
D:3:      layout_loops_cross, mainiacjoe_overflow_small_starburst, serial_shops,
          nicolae_diamond_shop, dreamdust_ecumenical_altar_sealed_demon,
          uniq_jessica
D:4:      layout_rooms
D:5:      layout_cave_pods, minmay_overflow_temple_star_quad
D:6:      layout_loops_corners, grunt_qazlal_sundering,
          mainiacjoe_overflow_paths, minmay_temple_entry_slanted, uniq_duvessa
D:7:      layout_basic, kennysheep_ying_yang, gammafunk_ghost_grave,
          kennysheep_generic_room_7, uniq_crazy_yiuf_cottage, uniq_maggie
D:8:      layout_cave_pools, nicolae_wu_jian_wuxing_cycle, enter_bailey_2
D:9:      layout_layer_cave, serial_shops, shop, kennysheep_windowed_goal,
          uniq_prince_ribbit1
D:10:     layout_loops_cross, erik_lair_orcish_takeover, orc_david_3,
          fungi_pond_lemuel
D:11:     layout_long_grid, serial_glass, glass_columns_b, glass_columns_a,
          hangedman_fish_farm, uniq_sonja
D:12:     layout_loops_cross, fedhas_altar_1, uniq_nergalle, uniq_jorgrun
D:13:     layout_roguey
D:14:     layout_rooms, erik_vaults_1, minmay_misc_feat_roman, uniq_azrael
Temple:   nicolae_temple_bog_church
Lair:1:   layout_loops_ring, grunt_forest_large_clearings
Lair:2:   layout_chaotic_city, nicolae_spider_entry_tight_spaces,
          grunt_megastairs_5
Lair:3:   layout_loops_ring, swamp_mist, serial_bayou_shore_a,
          lemuel_fruit_tree, uniq_snorg
Lair:4:   layout_gridlike, guppyfry_lair_drakes
Lair:5:   gammafunk_lair_ancient_temple, layout_loops_ring,
          minmay_slime_entry_oklob_enclosed, gauntlet_entry_generic
Swamp:1:  layout_falls_marsh, hangedman_swamp_ruin_hall,
          nicolae_swamp_necromancy_gone_wrong
Spider:1: layout_spider_delve, uniq_louise
Orc:1:    layout_diamond_mine, serial_shops, nicolae_shop_statue_plus,
          nicolae_orc_stony_grotto
Orc:2:    grunt_orc_gardens, layout_diamond_mine, grunt_orc_garden,
          grunt_orc_garden, grunt_orc_garden, grunt_orc_garden
Elf:1:    elf_arrival_002, layout_rooms, serial_shops,
          nicolae_shop_behind_doors, minmay_elf_crystal_hexagon,
          nicolae_shop_gadgets, uniq_aizul
Abyss:2:  base: Depths:2, minivault_25, minivault_11,
          guppyfry_abyss_exit_imp_island, hangedman_abyss_river_spirits,
          minivault_11, bh_abyss_xom_lugonu_altar, hangedman_eye_storm

Skill      XL: |  1  2  3  4  5  6  7  8  9 10 11 12 13 14 |
---------------+-------------------------------------------+-----
Stealth        | 6 7 8 9 11 12 14 16 18 19 20 | 20.5
Fighting       | 2 3 4 5 7 8 9 10 11 12 | 12.4
Short Blades   | 3 4 5 7 8 9 11 12 13 | 13.8
Dodging        | 3 5 6 8 10 11 13 | 13.8
Hexes          | 3 7 |  7.3
Long Blades    | 4 |  4.4
Throwing       | |  1.5

Action                     |  1- 3 |  4- 6 |  7- 9 | 10-12 | 13-15 || total
---------------------------+-------+-------+-------+-------+-------++-------
  Melee: Dagger            |    82 |   187 |   814 |  1221 |   660 ||  2964
         Punch             |     2 |       |    15 |    18 |    11 ||    46
         Bite              |     6 |    23 |   136 |   195 |   139 ||   499
         Unarmed           |       |       |       |     2 |       ||     2
         Scimitar          |       |       |       |       |   199 ||   199
  Throw: Dart              |       |       |    12 |       |     5 ||    17
 Invoke: Shadow Step       |       |       |       |     1 |     9 ||    10
Ability: Exsanguinate      |       |     1 |     1 |     6 |     1 ||     9
         Bat Form          |       |       |     3 |     1 |     1 ||     5
         End Transformatio |       |       |     3 |     1 |       ||     4
         Revivify          |       |       |     2 |     5 |     1 ||     8
  Evoke: Wand              |       |       |       |       |     9 ||     9
    Use: Scroll            |       |    12 |     9 |    14 |    12 ||    47
         Potion            |       |       |     2 |       |     9 ||    11
   Stab: Sleeping          |    15 |    28 |    20 |    43 |    38 ||   144
         Distracted        |       |     3 |     5 |     5 |     9 ||    22
 Armour: Robe              |     6 |    23 |    44 |     4 |       ||    77
         Steam dragon scal |       |       |       |   118 |   111 ||   229
  Dodge: Dodged            |    37 |   118 |   551 |  1000 |   970 ||  2676

Table legend: (Time is in decaauts)
 A = Elapsed time spent in this place.
 B = Non-inter-level travel time spent in this place.
 C = Inter-level travel time spent in this place.
 D = Time resting spent in this place.
 E = Time spent auto-exploring this place.
 F = Levels seen in this place.
 G = Mean time per level.
                   A        B        C        D        E       F      G
               +--------+--------+--------+--------+--------+-----+--------+
         Total |  26372 |  24986 |   1386 |   6722 |   8687 |  27 |  976.7 |
       Dungeon |  14294 |  13592 |    702 |   2670 |   5954 |  14 | 1021.0 |
        Temple |    213 |    194 |     19 |      0 |    182 |   1 |  213.0 |
          Lair |   7728 |   7187 |    541 |   2318 |   1962 |   5 | 1545.6 |
         Swamp |     72 |     72 |      0 |      0 |      0 |   1 |   72.0 |
   Spider Nest |    339 |    337 |      2 |    174 |     35 |   1 |  339.0 |
  Orcish Mines |   2965 |   2844 |    121 |   1380 |    530 |   2 | 1482.5 |
   Elven Halls |      1 |      1 |      0 |      0 |      0 |   1 |    1.0 |
         Abyss |     91 |     91 |      0 |      0 |      0 |   1 |   91.0 |
        Bailey |    666 |    666 |      0 |    178 |     23 |   1 |  666.0 |
               +--------+--------+--------+--------+--------+-----+--------+

Top non-repeatable levels by time:
  Lair:4: 2383 daAuts
     D:9: 1949 daAuts
   Orc:1: 1788 daAuts
  Lair:3: 1697 daAuts
     D:6: 1657 daAuts
  Lair:2: 1608 daAuts
    D:10: 1447 daAuts
    D:12: 1282 daAuts
   Orc:2: 1176 daAuts
     D:7: 1154 daAuts
  Lair:5: 1130 daAuts
     D:5: 1099 daAuts
     D:2: 1091 daAuts
     D:1: 980 daAuts
  Lair:1: 908 daAuts
